 Dungeon Crawl Stone Soup version 0.17.0-7-gfadd4cc (webtiles) character file.

75117 septik the Fencer (level 15, -7/139 HPs)
             Began as a Gargoyle Fighter on Nov 9, 2015.
             Was the Champion of Okawaru.
             Mangled by a blink frog (8 damage)
             ... on level 8 of the Lair of Beasts.
             The game lasted 01:28:26 (26930 turns).

septik the Fencer (Gargoyle Fighter)               Turns: 26930, Time: 01:28:27

Health: -7/139     AC: 27    Str: 22    XL:     15   Next: 49%
Magic:  15/15      EV:  2    Int: 12    God:    Okawaru [******]
Gold:   3459       SH:  0    Dex: 14    Spells: 0 memorised, 14 levels left

rFire  x . .     SeeInvis .     K - +14 plutonium sword {*Contam Stlth-}
rCold  + . .     Clarity  .     (armour currently unavailable)
rNeg   + + +     SustAt   .     (shield currently unavailable)
rPois  ∞         Gourm    .     (helmet currently unavailable)
rElec  .         Spirit   .     (cloak currently unavailable)
rCorr  .         Warding  .     (gloves currently unavailable)
rMut   .         NoTele   +     (boots unavailable)
MR     ++...                    P - amulet of faith
Stlth  ..........               D - ring of ice
                                U - ring of the Saviour {MR+ Int+2 Dex+2}

@: tree-form, very resistant to hostile enchantments, extremely unstealthy
A: (big wings), (claws 0), (fangs 0), (horns 0), (talons 0), agile 1, blurry
vision 1, breathe flames 3, negative energy resistance 1, (electricity
resistance), weak 1, (unbreathing), evolution 1, petrification resistance, rot
immunity, AC +11
a: Heroism, Finesse, Renounce Religion, Breathe Fire


You were on level 8 of the Lair of Beasts.
You worshipped Okawaru.
Okawaru was exalted by your worship.
You were not hungry.
You were a tree.
You visited 4 branches of the dungeon, and saw 25 of its levels.
You also visited: Sewer, Ossuary, Bailey and Ice Cave.

You collected 3459 gold pieces.

Inventory:

Hand Weapons
 o - the +8 mithril axe "Arga" {speed, MR+ Str+2}
   (Okawaru gifted it to you on level 12 of the Dungeon)

   Attacks with this weapon are significantly faster.
   It affects your strength (+2).
   It affects your resistance to hostile enchantments.
 K - the +14 plutonium sword (weapon) {*Contam Stlth-}
   (You found it on level 3 of the Lair of Beasts)

   It causes magical contamination when unequipped.
   It makes you less stealthy.
 O - the +10 quarterstaff "Neaz" {speed, *Contam Str+5 Int-2 SInv}
   (Okawaru gifted it to you on level 4 of the Lair of Beasts)

   Attacks with this weapon are significantly faster.
   It affects your strength (+5).
   It affects your intelligence (-2).
   It lets you see invisible.
   It causes magical contamination when unequipped.
 Q - the +7 broad axe of Turaofy {flame, Str+5}
   (Okawaru gifted it to you on level 7 of the Lair of Beasts)

   It has been specially enchanted to burn those struck by it, causing extra
   injury to most foes and up to half again as much damage against particularly
   susceptible opponents.
   Big, fiery blades are also staple armaments of hydra-hunters.
   It affects your strength (+5).
Missiles
 s - 39 tomahawks (quivered)
 v - 3 throwing nets
 X - 7 silver tomahawks
Armour
 c - a troll hide
 h - a mottled dragon hide
 n - the +1 pair of gloves "Leopn" (melded) {rPois Int+4}
   (Okawaru gifted it to you on level 2 of the Lair of Beasts)

   It affects your intelligence (+4).
   It protects you from poison.
 A - a +0 hat of magic resistance (melded)
 B - a +0 chain mail of cold resistance (melded)
 F - an ice dragon hide
 M - the +2 cloak of Complete Protection {MR- rCorr MP+9 Slay+2}
   (Okawaru gifted it to you on level 11 of the Dungeon)

   It affects your accuracy and damage with ranged weapons and melee attacks
   (+2).
   It affects your resistance to hostile enchantments.
   It affects your magic capacity (+9).
   It protects you from acid and corrosion.
 T - a +1 cloak of invisibility (melded)
 Z - a +0 plate armour
Jewellery
 t - an uncursed ring of sustain attributes
 u - a +5 ring of dexterity
 y - a +3 ring of intelligence
 D - a ring of ice (right branch)
 G - a cursed -3 ring of strength {unknown}
 H - an uncursed ring of magical power {unknown}
 J - an uncursed amulet of warding {unknown}
 L - an uncursed ring of see invisible {unknown}
 P - an amulet of faith (around neck)
 S - an uncursed amulet of resist mutation {unknown}
 U - the ring of the Saviour (left branch) {MR+ Int+2 Dex+2}
   (You found it on level 7 of the Dungeon)

   [ring of protection from magic]

   It affects your intelligence (+2).
   It affects your dexterity (+2).
   It affects your resistance to hostile enchantments.
 W - a cursed ring of loudness {unknown}
Wands
 i - a wand of confusion (17)
Scrolls
 b - 8 scrolls of identify
 g - a scroll of teleportation
 q - 5 scrolls of remove curse
 N - 2 scrolls of magic mapping
 R - 4 scrolls of blinking
 Y - 2 scrolls of fear
Potions
 d - 6 potions of might
 j - 15 potions of curing
 l - 3 potions of invisibility
 r - a potion of haste
 x - 4 potions of berserk rage
 C - 2 potions of agility
Books
 m - a book of the Tempests

   Spells                             Type                      Level
   a - Static Discharge               Conjuration/Air              3
   b - Lightning Bolt                 Conjuration/Air              5
   c - Fireball                       Conjuration/Fire             5
   d - Tornado                        Air                          9
   e - Shatter                        Earth                        9
 V - a book of Summonings

   Spells                             Type                      Level
   a - Recall                         Summoning/Translocation      3
   b - Aura of Abjuration             Summoning                    5
   c - Shadow Creatures               Summoning                    5
   d - Summon Demon                   Summoning                    5
   e - Summon Forest                  Summoning/Translocation      5
   f - Summon Mana Viper              Hexes/Summoning              5
Miscellaneous
 a - a lamp of fire
 w - a crystal ball of energy
Comestibles
 e - 3 bread rations
 f - 7 chunks of flesh
 p - a slice of pizza
 z - 13 fruits
 E - 3 meat rations


   Skills:
 - Level 10.8 Fighting
 + Level 15.4 Long Blades
 - Level 12.2 Axes
 - Level 10.7 Armour
   Level 10.9 Shields


You had 14 spell levels left.
You didn't know any spells.

Dungeon Overview and Level Annotations

Branches:
Dungeon (12/15)            Temple (1/1) D:5            Lair (8/8) D:11
  Swamp (0/4) Lair:3        Snake (0/4) Lair:6        Slime (0/6) Lair:6
    Orc (4/4) D:12            Elf (0/3) Orc:3

Altars:
Ashenzari
Cheibriados
Dithmenos
Elyvilon
Fedhas
Gozag
Kikubaaqudgha
Makhleb
Nemelex Xobeh
Okawaru
Qazlal
Ru
Sif Muna
Trog
Vehumet
Xom
Yredelemnul
Zin
The Shining One
Beogh
Jiyva

Shops:
Orc:1 :   Orc:4 ?

Annotations:
Lair:6 1 runed door


Innate Abilities, Weirdness & Mutations

You are resistant to torment.
((Your stone body is resilient (AC +11).))
You are immune to poison.
((Your large and strong wings let you fly indefinitely.))
You resist negative energy.
((You are resistant to electric shocks.))
((You can survive without breathing.))
You are immune to petrification.
You are immune to rotting.
((You have sharp fingernails.))
((You have very sharp teeth.))
((You have a pair of small horns on your head.))
((You have claws for feet.))
You are agile. (Dex +2)
Scrolls take you a little longer to read.
You can breathe blasts of fire.
You are weak. (Str -2)
You evolve.


Message History

Your +0 hat of magic resistance melds into your body.
The +1 pair of gloves "Leopn" {rPois Int+4} melds into your body.
Your +0 chain mail of cold resistance melds into your body.
You feel less resistant to hostile enchantments.
You feel less resistant to cold.
Your roots penetrate the ground.
The blink frog hits you but does no damage. x4
The blink frog blinks!
You miss the blink frog.
The blink frog blinks!
The blink frog blinks!
The blink frog hits you.
* * * LOW HITPOINT WARNING * * *
The blink frog blinks!
The blink frog hits you!
* * * LOW HITPOINT WARNING * * *
The blink frog blinks!
You slash the blink frog!
The blink frog is heavily wounded.
The blink frog hits you.
* * * LOW HITPOINT WARNING * * *
The basilisk bites you but does no damage.
The blink frog hits you!
You die...

.....).≈P............P....##
.≈≈P≈P..................#..#
≈P≈≈≈≈≈≈P≈...P....P....#..###
≈≈≈≈≈≈≈≈≈≈.....(.....)......##
≈≈≈≈.≈≈≈≈............<.......#
≈≈≈≈≈≈≈≈≈..P.................#
≈.≈≈≈≈†≈≈≈...#................
P≈.≈≈≈≈≈F≈.P.F.............$..
≈≈≈≈≈P≈.F≈≈†.♣§...............
≈≈≈≈≈≈≈≈≈≈≈.Fl.%...§÷.........
≈≈P≈≈≈≈≈≈≈.≈...F..P...........
.≈≈≈P≈≈≈.≈≈..F................
P.≈≈≈≈≈≈≈P≈...................
).≈≈≈≈≈≈≈.≈P.................#
:≈P≈≈P≈PP≈≈..................#
.≈≈≈≈≈P≈≈≈..................
≈..≈≈≈≈≈≈..........PP.....#


You could see a basilisk and 6 blink frogs.

Vanquished Creatures
  Rupert (D:12)
  An acid blob (Lair:6)
  An orc warlord (Orc:2)
  Nessos (Lair:7)
  2 ice dragons (IceCv)
  5 hydras
  An ogre mage (Orc:3)
  The ghost of JudasIscariot the Nimble, a journeyman KoAK of Lugonu (Lair:2)
  A queen ant (Lair:6)
  4 death yaks (Lair:7)
  An orc high priest (Orc:3)
  3 orc knights
  4 hill giants
  A lindwurm (Lair:7)
  2 griffons
  An orc sorcerer (Orc:2)
  2 ugly things (D:12)
  14 spiny frogs
  2 ice statues (IceCv)
  A torpor snail (Lair:5)
  6 black mambas
  2 gargoyles
  10 komodo dragons
  8 trolls
  3 fire drakes
  3 spriggan druids (Lair:7)
  3 polar bears
  2 two-headed ogres
  A hornet zombie (D:11)
  A boulder beetle (Lair:4)
  13 spriggans
  6 blink frogs
  A trapdoor spider (D:11)
  A water elemental (D:11)
  An air elemental (D:11)
  A fire elemental (D:11)
  A basilisk (Lair:1)
  A wyvern (Lair:5)
  57 yaks
  2 hungry ghosts
  23 wolves
  2 swamp worms (Lair:3)
  8 hippogriffs
  3 steam dragons
  5 wargs
  7 vampire mosquitoes (Lair:8)
  15 soldier ants
  2 mottled dragons (D:12)
  12 porcupines
  The ghost of SKei0 the Sneak, an amateur VSAs of Dithmenos (D:4)
  12 water moccasins
  2 phantoms
  31 orc warriors
  A spider (D:9)
  2 sky beasts
  6 wasps
  2 black bears
  20 ice beasts
  5 necrophages (D:6)
  6 centaurs
  12 ogres
  3 big kobolds
  17 crocodiles
  33 giant frogs
  A gnoll sergeant (D:6)
  4 water moccasin zombies (Ossuary)
  An earth elemental (D:11)
  A wyvern skeleton (D:11)
  3 scorpions
  10 wights
  4 electric eels
  4 crimson imps
  A giant frog zombie (D:8)
  A hound (D:12)
  13 orc priests
  A centaur zombie (D:6)
  A jelly (D:10)
  5 iguanas
  23 orc wizards
  43 worker ants
  Jessica (D:2)
  Natasha (thrice) (D:2)
  5 sheep (Lair:7)
  2 big kobold zombies (Ossuary)
  A hound skeleton (D:9)
  2 mummies (Ossuary)
  A worker ant zombie (D:8)
  11 adders
  6 gnolls
  37 river rats
  An ooze (Sewer)
  7 adder zombies (Ossuary)
  3 worms
  An adder skeleton (D:8)
  5 giant geckos
  172 orcs
  10 ball pythons
  14 goblins
  7 hobgoblins
  11 jackals
  24 kobolds
  8 quokkas
  10 bats
  6 giant cockroaches
  2 giant gecko zombies
  4 giant newts
  A gnoll zombie (Ossuary)
  3 hobgoblin zombies (Ossuary)
  2 kobold zombies (Ossuary)
  5 orc zombies (Ossuary)
  A quokka skeleton (D:9)
  32 rats
  A bush (D:6)
  2 plants (D:6)
919 creatures vanquished.

Vanquished Creatures (others)
  A bush (D:6)
  9 fungi
  14 plants
24 creatures vanquished.

Grand Total: 943 creatures vanquished

Notes
Turn   | Place    | Note
--------------------------------------------------------------
     0 | D:1      | septik the Gargoyle Fighter began the quest for the Orb.
     0 | D:1      | Reached XP level 1. HP: 14/14 MP: 1/1
    75 | D:1      | Reached XP level 2. HP: 19/19 MP: 2/2
   652 | D:1      | Reached XP level 3. HP: 23/23 MP: 3/3
  1210 | D:2      | Noticed Natasha
  1236 | D:2      | Killed Natasha
  1236 | D:2      | Reached XP level 4. HP: 26/29 MP: 4/4
  1480 | D:2      | Noticed Natasha
  1484 | D:2      | Killed Natasha
  1525 | D:2      | Noticed Jessica
  1531 | D:2      | Reached skill level 4 in Fighting
  1534 | D:2      | Killed Jessica
  1559 | D:2      | Reached XP level 5. HP: 23/33 MP: 5/5
  1593 | D:2      | Noticed Natasha
  1597 | D:2      | Killed Natasha
  2194 | D:3      | You fall through a shaft for 3 floors!
  2198 | D:5      | Entered Level 5 of the Dungeon
  2211 | D:5      | Reached XP level 6. HP: 34/39 MP: 6/6
  2358 | D:5      | Noticed an ice beast
  2371 | D:5      | Killed an ice beast
  2376 | D:5      | Found a sand-covered staircase.
  2391 | Ossuary  | Entered an ossuary
  2492 | Ossuary  | Reached XP level 7. HP: 30/44 MP: 7/7
  2500 | Ossuary  | Reached skill level 5 in Fighting
  2654 | Ossuary  | Reached skill level 5 in Shields
  2838 | D:4      | Found a glowing drain.
  2843 | Sewer    | Entered a sewer
  2976 | Sewer    | Reached skill level 5 in Axes
  2976 | Sewer    | Reached skill level 5 in Armour
  3078 | Sewer    | Reached XP level 8. HP: 35/49 MP: 8/8
  3861 | D:4      | Noticed SKei0's ghost (amateur VSAs)
  3873 | D:4      | Killed SKei0's ghost
  4167 | D:5      | Found a staircase to the Ecumenical Temple.
  4188 | Temple   | Entered the Ecumenical Temple
  4286 | Temple   | Became a worshipper of Warmaster Okawaru
  4693 | D:5      | Reached skill level 6 in Axes
  4883 | D:6      | Noticed an ice beast
  4895 | D:6      | Killed an ice beast
  5086 | D:6      | Found a blossoming altar of Fedhas.
  5118 | D:6      | Noticed an ice beast
  5135 | D:6      | Killed an ice beast
  5348 | D:6      | Noticed an ogre
  5366 | D:6      | Killed an ogre
  5552 | D:6      | Noticed a phantom
  5569 | D:6      | Killed a phantom
  5569 | D:6      | Reached * piety under Okawaru
  5569 | D:6      | Reached XP level 9. HP: 51/55 MP: 9/9
  5741 | D:6      | Reached skill level 7 in Axes
  6100 | D:6      | Noticed a sky beast
  6110 | D:6      | Killed a sky beast
  6114 | D:6      | Gained mutation: You can breathe flames. [mutagenic meat]
  6115 | D:6      | Gained mutation: Your body sometimes deteriorates upon taking damage. [mutagenic meat]
  6116 | D:6      | Gained mutation: You have sharp toenails. [mutagenic meat]
  6117 | D:6      | Gained mutation: You can breathe fire. [mutagenic meat]
  6118 | D:6      | Gained mutation: You are partially covered in molten scales (AC +1). [mutagenic meat]
  6209 | D:6      | Noticed a necrophage
  6209 | D:6      | Noticed a necrophage
  6209 | D:6      | Noticed a necrophage
  6209 | D:6      | Noticed a necrophage
  6210 | D:6      | Noticed a necrophage
  6262 | D:6      | Killed a necrophage
  6277 | D:6      | Killed a necrophage
  6284 | D:6      | Killed a necrophage
  6292 | D:6      | Killed a necrophage
  6292 | D:6      | Reached ** piety under Okawaru
  6315 | D:6      | Killed a necrophage
  6375 | D:7      | Gained mutation: You can breathe blasts of fire. [mutagenic meat]
  6376 | D:7      | Gained mutation: You are agile. (Dex +2) [mutagenic meat]
  6377 | D:7      | Lost mutation: You are agile. (Dex +2) [mutagenic meat]
  6569 | D:7      | Got a steaming brass ring
  6583 | D:7      | Identified the ring of the Saviour {MR+ Int+2 Dex+2} (You found it on level 7 of the Dungeon)
  6669 | D:7      | Reached skill level 8 in Axes
  7166 | D:8      | Reached XP level 10. HP: 38/63 MP: 10/10
  7375 | D:8      | Reached *** piety under Okawaru
  8885 | D:9      | Reached skill level 9 in Axes
  8912 | D:9      | Found a flagged portal.
  8932 | Bailey   | Entered a bailey
  9195 | Bailey   | Reached **** piety under Okawaru
  9743 | Bailey   | Noticed an orc knight
  9768 | Bailey   | Killed an orc knight
  9773 | Bailey   | Reached XP level 11. HP: 15/69 MP: 11/11
  9978 | Bailey   | Received a gift from Okawaru
 10520 | D:9      | Gained mutation: You have razor-sharp toenails. [potion of mutation]
 10520 | D:9      | Gained mutation: You have a pair of small horns on your head. [potion of mutation]
 10520 | D:9      | Gained mutation: You evolve. [potion of mutation]
 10521 | D:9      | Lost mutation: Your body sometimes deteriorates upon taking damage. [potion of mutation]
 10521 | D:9      | Lost mutation: You are partially covered in molten scales (AC +1). [potion of mutation]
 10738 | D:9      | Identified a -3 rod of destruction (2/14) (You took it off an orc warrior on level 9 of the Dungeon)
 10986 | D:10     | Entered Level 10 of the Dungeon
 11014 | D:10     | Noticed a hill giant
 11045 | D:10     | Killed a hill giant
 11045 | D:10     | Reached skill level 10 in Axes
 11093 | D:10     | Reached ***** piety under Okawaru
 11142 | D:10     | Gained mutation: Your large and strong wings let you fly indefinitely. [evolution]
 11625 | D:11     | Received a gift from Okawaru
 11683 | D:11     | Got a crude cloak {god gift}
 11689 | D:11     | Identified the +2 cloak of Complete Protection {MR- rCorr MP+9 Slay+2} (Okawaru gifted it to you on level 11 of the Dungeon)
 11696 | D:11     | Found a staircase to the Lair.
 11765 | D:11     | Found a large runed door.
 11765 | D:11     | Found a large runed door.
 11777 | D:11     | Noticed a hill giant
 11788 | D:11     | Killed a hill giant
 12177 | Lair:1   | Entered Level 1 of the Lair of Beasts
 12348 | Lair:1   | Reached skill level 11 in Axes
 12510 | Lair:1   | Got a wizard robe
 12521 | Lair:1   | Identified the cursed +1 robe of the Gardener {+Inv Str+4 Int-4 Dex+6} (You found it on level 1 of the Lair of Beasts)
 12550 | Lair:1   | Reached skill level 10 in Shields
 12681 | Lair:1   | Reached XP level 12. HP: 66/77 MP: 12/12
 12953 | Lair:1   | Reached skill level 10 in Fighting
 13040 | Lair:1   | Reached skill level 10 in Armour
 13882 | Lair:2   | Received a gift from Okawaru
 13905 | Lair:2   | Got a pair of heavily runed gloves {god gift}
 13916 | Lair:2   | Identified the +1 pair of gloves "Leopn" {rPois Int+4} (Okawaru gifted it to you on level 2 of the Lair of Beasts)
 14143 | Lair:2   | Gained mutation: You have claws for feet. [evolution]
 14340 | Lair:2   | Noticed JudasIscariot's ghost (journeyman KoAK)
 14415 | Lair:2   | Killed JudasIscariot's ghost
 14720 | Lair:3   | Reached skill level 12 in Axes
 15407 | Lair:3   | Found a staircase to the Swamp.
 15415 | Lair:3   | Reached skill level 1 in Long Blades
 15677 | Lair:4   | Reached ****** piety under Okawaru
 15677 | Lair:4   | Reached XP level 13. HP: 61/84 MP: 13/13
 15876 | Lair:4   | Gained mutation: You are agile. (Dex +2) [evolution]
 15878 | Lair:4   | Received a gift from Okawaru
 15881 | Lair:4   | Got a fine quarterstaff {god gift}
 16073 | Lair:4   | Reached skill level 5 in Long Blades
 16091 | Lair:4   | Identified the +10 quarterstaff "Neaz" {speed, *Contam Str+5 Int-2 SInv} (Okawaru gifted it to you on level 4 of the Lair of Beasts)
 17138 | Lair:5   | Received a gift from Okawaru
 17370 | Lair:5   | Gained mutation: Scrolls take you a little longer to read. [evolution]
 18584 | Lair:6   | Found a runed door.
 18588 | Lair:6   | Found a viscous altar of Jiyva.
 18589 | Lair:6   | Found a staircase to the Slime Pits.
 18589 | Lair:6   | Noticed an acid blob
 18589 | Lair:6   | Noticed an acid blob
 18701 | Lair:6   | Received a gift from Okawaru
 18736 | Lair:6   | Killed an acid blob
 18736 | Lair:6   | Reached skill level 10 in Long Blades
 19025 | Lair:6   | Found a staircase to the Snake Pit.
 19160 | Lair:7   | Mutation became permanent: Your large and strong wings let you fly indefinitely. [Gargoyle growth]
 19160 | Lair:7   | Reached XP level 14. HP: 86/88 MP: 14/14
 19276 | Lair:6   | Gained mutation: You have sharp fingernails. [potion of mutation]
 19308 | Lair:7   | Received a gift from Okawaru
 20141 | Lair:7   | Noticed Nessos
 20179 | Lair:7   | Killed Nessos
 20401 | Lair:7   | Received a gift from Okawaru
 20491 | Lair:7   | Reached skill level 13 in Long Blades
 20550 | Lair:7   | Got a twisted broad axe {god gift}
 20554 | Lair:7   | Identified the +7 broad axe of Turaofy {flame, Str+5} (Okawaru gifted it to you on level 7 of the Lair of Beasts)
 20652 | Lair:8   | Entered Level 8 of the Lair of Beasts
 21860 | Lair:1   | Gained mutation: You are weak. (Str -2) [mutagenic glow]
 21965 | D:11     | Gained mutation: You have very sharp teeth. [evolution]
 22361 | D:12     | Received a gift from Okawaru
 22427 | D:12     | Noticed Rupert
 22449 | D:12     | Killed Rupert
 22449 | D:12     | Reached skill level 14 in Long Blades
 22449 | D:12     | Reached XP level 15. HP: 48/93 MP: 13/15
 22897 | D:12     | Found a staircase to the Orcish Mines.
 23236 | Orc:1    | Entered Level 1 of the Orcish Mines
 23317 | Orc:1    | Found a roughly hewn altar of Beogh.
 23327 | Orc:1    | Received a gift from Okawaru
 24438 | Orc:3    | Found a staircase to the Elven Halls.
 24512 | Orc:3    | Found a frozen archway.
 24525 | IceCv    | Entered an ice cave
 24594 | IceCv    | Reached skill level 15 in Long Blades
 25406 | Orc:1    | Found Rozeak's Book Shoppe.
 25651 | Orc:4    | Entered Level 4 of the Orcish Mines
 26058 | Orc:4    | Found Cioxuec's Magic Scroll Shoppe.
 26929 | Lair:8   | HP: 2/139 [blink frog (8)]
 26930 | Lair:8   | Mangled by a blink frog

Action                   |  1- 3 |  4- 6 |  7- 9 | 10-12 | 13-15 || total
-------------------------+-------+-------+-------+-------+-------++-------
Melee: War axe           |   135 |   137 |   607 |  1046 |    50 ||  1975
       Quarterstaff      |       |       |       |       |   714 ||   714
       Broad axe         |       |       |       |       |   482 ||   482
       Triple sword      |       |       |       |       |    32 ||    32
Throw: Tomahawk          |       |       |       |     1 |       ||     1
Invok: Heroism           |       |       |       |     8 |    12 ||    20
       Finesse           |       |       |       |       |     1 ||     1
 Abil: Breathe Fire      |       |       |     3 |     5 |     1 ||     9
       Fly               |       |       |       |     1 |       ||     1
  Use: Scroll            |       |     5 |     5 |    17 |     4 ||    31
       Potion            |       |       |     1 |     7 |    13 ||    21
  Eat: Chunk             |     1 |     4 |    20 |    34 |    34 ||    93
       Pizza             |       |       |     1 |       |     1 ||     2
       Bread ration      |       |       |     1 |     2 |       ||     3
       Royal jelly       |       |       |       |       |     1 ||     1
